 Dungeon Crawl Stone Soup version 0.29.1-1-gd02db6906a (webtiles) character file.

Game seed: 17177660685665314266

229 MisterFreud the Covert (level 6, -17/53 HPs)
             Began as a Gnoll Delver on Oct 7, 2022.
             Demolished by an ogre
             ... wielding a +0 giant spiked club
              (29 damage)
             ... on level 5 of the Dungeon.
             The game lasted 00:02:25 (738 turns).

MisterFreud the Covert (Gnoll Delver)                Turns: 738, Time: 00:02:26

Health: -17/53     AC:  4    Str: 11    XL:     6   Next: 3%
Magic:  8/8        EV: 13    Int: 12    God:
Gold:   14         SH:  0    Dex: 13    Spells: 8/8 levels left

rFire   . . .      SeeInvis .   a - +0 short sword
rCold   . . .      Faith    .   (no shield)
rNeg    . . .      Spirit   .   b - +0 leather armour
rPois   .          Reflect  .   i - +0 helmet
rElec   .          Harm     .   (no cloak)
rCorr   .          Rampage  .   (no gloves)
Will    .....                   (no boots)
Stlth   ++++......              (no amulet)
HPRegen 0.17/turn               (no ring)
MPRegen 0.11/turn               (no ring)

@: no status effects
A: fangs 1, strong nose, distributed training
a: no special abilities


You were on level 5 of the Dungeon.
You visited 1 branch of the dungeon, and saw 3 of its levels.

You collected 14 gold pieces.

Inventory:

Hand Weapons
 a - a +0 short sword (weapon)
Missiles
 j - 2 boomerangs (quivered)
 n - 4 poisoned darts
Armour
 b - a +0 leather armour (worn)
 i - a +0 helmet (worn)
Wands
 g - a wand of digging (3)
Scrolls
 c - a scroll of fog
 d - a scroll of magic mapping
 e - a scroll of fear
 m - a scroll of amnesia {unknown}
Potions
 f - a potion of haste
 h - a potion of cancellation {unknown}
 k - a potion of heal wounds {unknown}
 l - a potion of lignification {unknown}


   Skills:
 + Level 6.8 Fighting
 + Level 4.9 Short Blades
 + Level 1.8 Long Blades
 + Level 1.8 Axes
 + Level 1.8 Maces & Flails
 + Level 1.8 Polearms
 + Level 1.8 Staves
 + Level 1.8 Ranged Weapons
 + Level 1.8 Throwing
 + Level 1.8 Armour
 + Level 4.9 Dodging
 + Level 9.7 Stealth
 + Level 1.8 Shields
 + Level 1.8 Unarmed Combat
 + Level 1.8 Spellcasting
 + Level 1.4 Conjurations
 + Level 1.4 Hexes
 + Level 1.4 Summonings
 + Level 1.4 Necromancy
 + Level 1.4 Translocations
 + Level 1.4 Transmutations
 + Level 1.4 Fire Magic
 + Level 1.4 Ice Magic
 + Level 1.4 Air Magic
 + Level 1.4 Earth Magic
 + Level 1.4 Poison Magic
 + Level 2.0 Invocations
 + Level 1.8 Evocations


You had 8 spell levels left.
You didn't know any spells.
Your spell library was empty.

Dungeon Overview and Level Annotations

Branches:
Dungeon (6/15)
 Temple: D:4-7

Altars:


Innate Abilities, Weirdness & Mutations

You have very sharp teeth.
Your uncanny sense of smell can sniff out nearby items.
Your experience applies equally to all skills.


Message History

An ufetubus comes into view.
The ufetubus shouts!
The ufetubus misses you. x2
The ogre shouts!
You hit the ufetubus.
The ufetubus is moderately wounded.
The ufetubus misses you. The ufetubus hits you.
You hit the ufetubus but do no damage.
The ufetubus is moderately wounded.
The ufetubus closely misses you. x2
You hit the ufetubus but do no damage.
The ufetubus is moderately wounded.
The ufetubus barely misses you. The ufetubus hits you.
You hit the ufetubus.
The ufetubus is almost dead.
The ufetubus closely misses you. The ufetubus misses you.
The ufetubus hits you but does no damage.
The ufetubus hits you.
You closely miss the ufetubus. Your bite misses the ufetubus.
The ufetubus is almost dead.
The ufetubus closely misses you. x2
You closely miss the ufetubus.
The ufetubus is almost dead.
The ufetubus barely misses you. The ufetubus hits you.
You hit the ogre but do no damage.
The ufetubus hits you but does no damage.
The ufetubus barely misses you. The ogre closely misses you.
You miss the ufetubus.
The ufetubus is almost dead.
The ufetubus hits you. The ufetubus barely misses you. x2
The ufetubus misses you.
You barely miss the ogre.
The ogre hits you with a +0 giant spiked club!!
Ouch! That really hurt!
* * * LOW HITPOINT WARNING * * *
The ufetubus barely misses you. x2
The ogre attacks as you move away!
The ogre hits you with a +0 giant spiked club!!
Ouch! That really hurt!
You die...

....#.......######......#...'
....#........#...'......#...#
#........#...#......# ###
#........#...#....### ∆
#........#...'....#
....#.......##...#....'
....#.......##...#....#.
....#........#.5O#....###
....#........+..@#
.O..#.......##...#
....#.......##...##..#
....#................#
...†'................#######
....#......................#.....
.(.!#.......##.............#.....
....#.......##...##........#.....
....#..)....#######........#.....


You could see an ogre and an ufetubus.

Vanquished Creatures
  A necrophage (D:6)
  4 hounds
  An iguana (D:6)
  2 adders
8 creatures vanquished.

Notes
Turn   | Place    | Note
-------+----------+-------------------------------------------
     0 | D:5      | Reached skill level 9 in Stealth
     0 | D:5      | MisterFreud the Gnoll Delver began the quest for the Orb.
     0 | D:5      | Reached XP level 1. HP: 23/23 MP: 1/1
    23 | D:4      | Noticed an iguana
    54 | D:6      | Noticed an iguana
    61 | D:6      | Killed an iguana
    62 | D:6      | Reached XP level 2. HP: 29/29 MP: 2/2
    62 | D:6      | Reached XP level 3. HP: 35/35 MP: 3/3
    89 | D:6      | Reached skill level 1 in Long Blades
    89 | D:6      | Reached skill level 1 in Axes
    89 | D:6      | Reached skill level 1 in Maces & Flails
    89 | D:6      | Reached skill level 1 in Polearms
    89 | D:6      | Reached skill level 1 in Staves
    89 | D:6      | Reached skill level 1 in Ranged Weapons
    89 | D:6      | Reached skill level 1 in Throwing
    89 | D:6      | Reached skill level 1 in Armour
    89 | D:6      | Reached skill level 1 in Shields
    89 | D:6      | Reached skill level 1 in Unarmed Combat
    89 | D:6      | Reached skill level 1 in Spellcasting
    89 | D:6      | Reached skill level 1 in Invocations
    89 | D:6      | Reached skill level 1 in Evocations
    89 | D:6      | Reached XP level 4. HP: 30/41 MP: 3/5
   120 | D:6      | Noticed a necrophage
   125 | D:6      | Killed a necrophage
   126 | D:6      | Reached skill level 1 in Conjurations
   126 | D:6      | Reached skill level 1 in Hexes
   126 | D:6      | Reached skill level 1 in Summonings
   126 | D:6      | Reached skill level 1 in Necromancy
   126 | D:6      | Reached skill level 1 in Translocations
   126 | D:6      | Reached skill level 1 in Transmutations
   126 | D:6      | Reached skill level 1 in Fire Magic
   126 | D:6      | Reached skill level 1 in Ice Magic
   126 | D:6      | Reached skill level 1 in Air Magic
   126 | D:6      | Reached skill level 1 in Earth Magic
   126 | D:6      | Reached skill level 1 in Poison Magic
   126 | D:6      | Reached XP level 5. HP: 40/47 MP: 5/7
   302 | D:6      | Noticed a human
   303 | D:6      | Noticed a human
   303 | D:6      | Noticed a phantom
   349 | D:5      | Noticed an ogre
   439 | D:5      | Noticed an ogre
   487 | D:5      | Reached XP level 6. HP: 34/53 MP: 8/8
   738 | D:5      | Demolished by an ogre

Illustrated notes

Levels and vault maps discovered:
D:4:      layout_basic, lemuel_temple_firewalk_a, st_stairs_7,
          corexii_checkpoint_a
D:5:      layout_gridville, uniq_grinder
D:6:      layout_basic, chequers_temple_overflow_statue_of_worship,
          minmay_strange_pillars, minmay_ruffians, uniq_eustachio,
          uniq_prince_ribbit1

Skill      XL: |  1  2  3  4  5 |
---------------+----------------+-----
Stealth        | |  9.7
Long Blades    | 1 |  1.8
Axes           | 1 |  1.8
Maces & Flails | 1 |  1.8
Polearms       | 1 |  1.8
Staves         | 1 |  1.8
Ranged Weapons | 1 |  1.8
Throwing       | 1 |  1.8
Armour         | 1 |  1.8
Shields        | 1 |  1.8
Unarmed Combat | 1 |  1.8
Spellcasting   | 1 |  1.8
Invocations    | 1 2 |  2.0
Evocations     | 1 |  1.8
Conjurations   | 1 |  1.4
Hexes          | 1 |  1.4
Summonings     | 1 |  1.4
Necromancy     | 1 |  1.4
Translocations | 1 |  1.4
Transmutations | 1 |  1.4
Fire Magic     | 1 |  1.4
Ice Magic      | 1 |  1.4
Air Magic      | 1 |  1.4
Earth Magic    | 1 |  1.4
Poison Magic   | 1 |  1.4
Fighting       | |  6.8
Short Blades   | |  4.9
Dodging        | |  4.9

Action                   |  1- 3 |  4- 6 || total
-------------------------+-------+-------++-------
Melee: Short sword       |    22 |    41 ||    63
       Bite              |     3 |     4 ||     7
       Punch             |       |     1 ||     1
 Stab: Sleeping          |     1 |     3 ||     4
Armor: Leather armour    |     4 |    11 ||    15
Dodge: Dodged            |    17 |    41 ||    58
